 Dungeon Crawl Stone Soup version 0.25-a0-21-ga5a8db46c7 (webtiles) character file.

Game seed: 5096218428092632763, levelgen mode: deterministic

123 MalarOregon the Firebug (level 4, -12/36 HPs)
             Began as a Draconian Fire Elementalist on Oct 16, 2019.
             Blown up by Ijyb (29 damage)
             ... with a disintegration bolt
             ... on level 4 of the Dungeon.
             The game lasted 00:08:06 (3018 turns).

MalarOregon the Firebug (DrFE)                      Turns: 3018, Time: 00:08:07

Health: -12/36     AC:  5    Str: 10    XL:     4   Next: 80%
Magic:  2/7        EV: 16    Int: 16    God:
Gold:   226        SH:  0    Dex: 12    Spells: 3/7 levels left

rFire    . . .     SeeInvis .   l - +3 dagger
rCold    . . .     Gourm    .   (no shield)
rNeg     . . .     Faith    .   (armour unavailable)
rPois    .         Spirit   .   (helmet restricted)
rElec    .         Reflect  .   (no cloak)
rCorr    .         Harm     .   (no gloves)
MR       .....                  (no boots)
Stlth    ++........             (no amulet)
HPRegen  0.12/turn              k - ring of wizardry
MPRegen  0.10/turn              c - +3 ring of evasion

@: no status effects
A: unfitting armour, cold-blooded, AC +5
a: no special abilities


You were on level 4 of the Dungeon.
You were not hungry.

You visited 1 branch of the dungeon, and saw 4 of its levels.

You collected 226 gold pieces.

Inventory:

Hand Weapons
 l - a +3 dagger (weapon)
   (You took it off a goblin on level 2 of the Dungeon)
 m - a +0 dagger of holy wrath
   (You took it off a goblin on level 2 of the Dungeon)
Missiles
 b - 11 poisoned darts (quivered)
Jewellery
 c - a +3 ring of evasion (right hand)
   (You found it on level 2 of the Dungeon)
 k - a ring of wizardry (left hand)
   (You found it on level 2 of the Dungeon)
Wands
 d - a wand of iceblast (8)
   (You found it on level 4 of the Dungeon)
Scrolls
 a - 2 scrolls of fog {unknown}
 i - 2 scrolls of blinking {unknown}
 o - a scroll of teleportation {unknown}
 p - a scroll of enchant armour {unknown}
Potions
 f - a potion of flight
 g - a potion of degeneration {unknown}
 h - 2 potions of heal wounds {unknown}
 j - 2 potions of curing {@q1}
 n - a potion of resistance {unknown}
Comestibles
 e - 6 rations {!d}
 q - a chunk of flesh


   Skills:
 * Level 2.2 Fighting
 * Level 3.0 Dodging
 - Level 1.7 Stealth
 + Level 2.4 Spellcasting
 + Level 2.1 Conjurations
 + Level 3.3 Fire Magic


You had 3 spell levels left.
You knew the following spells:

 Your Spells              Type           Power        Failure   Level  Hunger
a - Flame Tongue          Conj/Fire      ##...        2%          1    #......
d - Conjure Flame         Conj/Fire      ##......     8%          3    ###....

Your spell library contained the following spells:

 Spells                   Type           Power        Failure   Level  Hunger
 Throw Flame              Conj/Fire      ##....       4%          2    ###....
 Inner Flame              Hex/Fire       #.......     12%         3    ###....
 Sticky Flame             Conj/Fire      ##......     26%         4    #####..
 Fireball                 Conj/Fire      ##........   54%         5    ######.


Dungeon Overview and Level Annotations

Branches:
Dungeon (4/15)
 Temple: D:4-7

Altars:
Gozag
Okawaru

Annotations:
D:3 3 runed translucent doors, Arixos's ghost, amateur VSSk
D:4 Blork the orc; Ijyb


Innate Abilities, Weirdness & Mutations

Your plain brown scales are hard. (AC +5)
You cannot fit into any form of body armour.
You are cold-blooded and may be slowed by cold attacks.


Message History

The jackal barely misses you.
There is a large open door here.
You hit the jackal.
The jackal pauses to sniff the ground.
The jackal misses you. The jackal closely misses you.
You hit the jackal but do no damage. The jackal completely misses you.
You closely miss the jackal. The jackal closely misses you. x2
You closely miss the jackal. The goblin completely misses you.
The goblin hits you but does no damage. The jackal misses you.
You hit the jackal.
The jackal bites you but does no damage.
The goblin misses you.
You barely miss the jackal.
The jackal bites you but does no damage.
The goblin closely misses you. The jackal closely misses you.
You closely miss the jackal. The goblin hits you with a +0 dagger.
The goblin closely misses you.
The jackal bites you but does no damage.
Ijyb zaps a wand.
You are blasted!
* * * LOW HITPOINT WARNING * * *
Unknown command.
The jackal bites you but does no damage.
Unknown command.
You closely miss the jackal.
You tail-slap the jackal, but do no damage.
The goblin barely misses you. The jackal closely misses you.
You hit the goblin.
You kill the goblin!
The jackal barely misses you.
Aim: a goblin, wielding a +0 dagger The flame tongue misses the goblin.
The jackal barely misses you. The goblin hits you but does no damage.
The jackal completely misses you.
Unknown command.
Aim: a goblin, wielding a +0 dagger The flame tongue hits the goblin.
You kill the goblin!
The jackal closely misses you.
Aim: a jackal (almost dead)
The flame tongue hits the jackal.
You kill the jackal!
Aim: Ijyb, wearing a +0 leather armour and carrying a wand of disintegration (11)
The flame tongue misses Ijyb.
Ijyb screams, "I no like you!"
Aim: Ijyb, wearing a +0 leather armour and carrying a wand of disintegration (11)
The flame tongue hits Ijyb.
Ijyb zaps a wand.
You are blasted!
Ouch! That really hurt!
You die...

##.#≈≈≈..#...#..#...#
#.≈≈#########..#...#
#.≈≈#...)......#...#
#...'...)......#...#
#...'..........#...#
#...'..........#...#
##≈≈#..........#...#
#≈≈#########..##''#
##≈≈≈..#...#..@g).#
#≈≈≈.)'...'......#
##≈≈..#...#......#
#################


You could see Ijyb.

Vanquished Creatures
  Terence (D:2)
  Robin (D:2)
  2 adders
  2 worms (D:3)
  An orc (D:3)
  2 ball pythons (D:2)
  6 bats
  4 giant cockroaches (D:1)
  18 goblins
  4 hobgoblins
  3 jackals (D:4)
  6 frilled lizards
  2 kobolds
  9 rats
61 creatures vanquished.

Vanquished Creatures (others)
  3 goblins (D:2)
  A hobgoblin (D:2)
4 creatures vanquished.

Grand Total: 65 creatures vanquished

Notes
Turn   | Place    | Note
-------+----------+-------------------------------------------
     0 | D:1      | MalarOregon the Draconian Fire Elementalist began the quest
                  | for the Orb.
     0 | D:1      | Reached XP level 1. HP: 14/14 MP: 3/3
   164 | D:1      | Reached XP level 2. HP: 7/22 MP: 5/5
   610 | D:1      | Reached skill level 1 in Fighting
  1262 | D:2      | Reached XP level 3. HP: 28/28 MP: 2/6
  1562 | D:2      | Learned a level 3 spell: Conjure Flame
  1620 | D:2      | Noticed Robin
  1638 | D:2      | Killed Robin
  1675 | D:2      | Noticed Terence
  1737 | D:2      | Killed Terence
  1737 | D:2      | Reached XP level 4. HP: 4/36 MP: 0/7
  2463 | D:3      | Found an iron altar of Okawaru.
  2769 | D:3      | Found a runed translucent gate.
  2769 | D:3      | Found a runed translucent gate.
  2769 | D:3      | Found a runed translucent gate.
  2771 | D:3      | Found an opulent altar of Gozag.
  2773 | D:3      | Noticed a bullfrog
  2774 | D:3      | Noticed Arixos's ghost (amateur VSSk)
  2835 | D:4      | Noticed Blork the orc
  3002 | D:4      | Noticed Ijyb
  3018 | D:4      | Blown up by Ijyb

Levels and vault maps discovered:
D:1:      wander_arrival_lonely_grave, layout_basic, serial_forest,
          infiniplex_forest_end_3, infiniplex_forest_clump_medium,
          infiniplex_forest_clump_long, infiniplex_forest_end_2,
          infiniplex_forest_lined_2, infiniplex_forest_straight_2,
          infiniplex_forest_lined_4_way, infiniplex_forest_clump_tiny,
          minmay_misc_feat_more_columns, minmay_cupped
D:2:      layout_basic, lemuel_another_geyser, uniq_terence, uniq_robin
D:3:      layout_basic, overflow_temple_1_default, ebering_ghost_gozag
D:4:      kennysheep_goblin_castle, layout_rooms, first_ration,
          kennysheep_windowed_goal, uniq_blork_the_orc

Skill      XL: |  1  2  3  4 |
---------------+-------------+-----
Dodging        | 2 3 |  3.0
Fighting       | 1 2 |  2.2
Conjurations   | 2 |  2.1
Stealth        | |  1.7
Spellcasting   | |  2.4
Fire Magic     | |  3.3

Action                   |  1- 3 |  4- 6 || total
-------------------------+-------+-------++-------
Melee: Spear             |    88 |       ||    88
       Tailslap          |    12 |     4 ||    16
       Unarmed           |     4 |       ||     4
       Dagger            |    32 |    36 ||    68
 Cast: Flame Tongue      |    25 |    15 ||    40
  Use: Scroll            |       |     2 ||     2
 Stab: Sleeping          |     7 |     3 ||    10
  Eat: Chunk             |     3 |     4 ||     7
Armor: Skin              |    47 |    10 ||    57
Dodge: Dodged            |    96 |    36 ||   132

Table legend:
 A = Non-vault XP
 B = Vault XP
 C = Vault XP percentage of total XP
 D = Non-vault monster count
 E = Vault monster count
 F = Vault count percentage of total count
                 A         B        C        D         E       F
            +---------+---------+-------+---------+---------+-------
      Total |      86 |      91 |  51.4 |      38 |      23 |  37.7
            +---------+---------+-------+---------+---------+-------
        D:1 |      18 |       9 |  33.3 |      12 |       5 |  29.4
        D:2 |      35 |      63 |  64.3 |      17 |       8 |  32.0
        D:3 |      20 |       0 |   0.0 |       8 |       0 |   0.0
        D:4 |      13 |      19 |  59.4 |       1 |      10 |  90.9
            +---------+---------+-------+---------+---------+-------
